 Dungeon Crawl Stone Soup version 0.17-a0-1110-g19bd574 (webtiles) character file.

1870 Herrn the Destroyer (level 9, -3/56 HPs)
             Began as an Octopode Wizard on May 22, 2015.
             Slain by a centaur (5 damage)
             ... on level 6 of the Dungeon.
             The game lasted 00:39:25 (9086 turns).

Herrn the Destroyer (Octopode Wizard)               Turns: 9086, Time: 00:39:25

Health: -3/56      AC:  4    Str:  7    XL:     9   Next: 13%
Magic:  2/22       EV: 13    Int: 23    God:
Gold:   190        SH:  2    Dex: 10    Spells: 4 memorised, 4 levels left

rFire  + . .     SeeInvis .     (no weapon)
rCold  . . .     Clarity  .     (no shield)
rNeg   . . .     SustAt   +     a - +1 hat
rPois  .         Gourm    .     (no amulet)
rElec  .         Spirit   .     k - ring of magical power
rCorr  .         Warding  .     l - ring of sustain attributes
rMut   .         Stasis   .     u - ring of stealth
MR     .....                    (no ring)
Stlth  ++++......               (no ring)
                                (no ring)
                                (no ring)
                                (no ring)

@: hasted, very quick, not resistant to hostile enchantments, stealthy
A: almost no armour, amphibious, 8 rings, constrict 8, tentacle spike 1, large
bone plates 1, camouflage 1, fire resistance 1, gelatinous body 1
a: no special abilities


You were on level 6 of the Dungeon.
You were not hungry.

You visited 2 branches of the dungeon, and saw 7 of its levels.

You collected 190 gold pieces.

Inventory:

Hand weapons
 e - a +1 dagger of venom
 y - a +2 dagger of flaming
Armour
 a - a +1 hat (worn)
 o - a +0 shield
Jewellery
 k - a ring of magical power (left tentacle)
 l - a ring of sustain attributes (right tentacle)
 u - a ring of stealth (on tentacle)
Magical devices
 m - a wand of slowing (23)
 q - a wand of polymorph (9)
 w - a wand of polymorph (9)
Scrolls
 d - 5 scrolls of remove curse
 f - a scroll of immolation
 h - a scroll of blinking
 i - a scroll of noise
 j - 4 scrolls of teleportation
 n - a scroll of amnesia
 x - a scroll of enchant armour
Potions
 g - a potion of cure mutation
 p - a potion of might
 z - a potion of flight
 B - a potion of agility
Books
 b - a book of Minor Magic

   Spells                             Type                      Level
   a - Magic Dart                     Conjuration                  1
   b - Blink                          Translocation                2
   c - Call Imp                       Summoning                    2
   d - Repel Missiles                 Charms/Air                   2
   e - Slow                           Hexes                        2
   f - Conjure Flame                  Conjuration/Fire             3
   g - Mephitic Cloud                 Conjuration/Poison/Air       3
 s - a book of the Tempests

   Spells                             Type                      Level
   a - Static Discharge               Conjuration/Air              3
   b - Lightning Bolt                 Conjuration/Air              5
   c - Fireball                       Conjuration/Fire             5
   d - Tornado                        Air                          9
   e - Shatter                        Earth                        9
Comestibles
 c - 5 bread rations
 r - 5 fruits
 v - 4 meat rations


   Skills:
 - Level 3.0 Fighting
 + Level 5.1 Dodging
 - Level 3.1 Stealth
 - Level 3.2 Spellcasting
 * Level 8.6 Conjurations
 - Level 3.0 Charms
   Level 1.0 Summonings
 - Level 2.0 Translocations
 * Level 2.5 Fire Magic


You had 4 spell levels left.
You knew the following spells:

 Your Spells              Type           Power        Failure   Level  Hunger
a - Magic Dart            Conj           ####         1%          1    None
b - Repel Missiles        Chrm/Air       ##....       12%         2    ##.....
c - Blink                 Tloc           N/A          10%         2    ##.....
d - Fireball              Conj/Fire      ####......   38%         5    ######.


Dungeon Overview and Level Annotations

Branches:
Dungeon (6/15)             Temple (1/1) D:6

Altars:
Ashenzari
Cheibriados
Dithmenos
Elyvilon
Fedhas
Kikubaaqudgha
Nemelex Xobeh
Okawaru
Ru
Trog
Vehumet
Yredelemnul
Zin
The Shining One

Shops:
D:6 [

Annotations:
D:3 Eustachio


Innate Abilities, Weirdness & Mutations

You cannot wear most types of armour.
You are amphibious.
You can wear up to eight rings at the same time.
You can use your tentacles to constrict eight enemies at once.
Your skin changes colour to match your surroundings (Stealth).
Your rubbery body absorbs attacks (AC +1).
One of your tentacles bears a spike.
You are partially covered in large bone plates (AC +2, SH +2).
Your flesh is heat resistant.


Message History

The magic dart hits the centaur.
The centaur is severely wounded.
The centaur hits you!
* * * LOW HITPOINT WARNING * * *
The centaur closely misses you.
Casting: Magic Dart
Confirm with . or Enter, or press ? or * to list all spells.
Aiming: Magic Dart
Press: ? - help, Shift-Dir - straight line, f/p - centaur
Aim: a centaur (severely wounded)
The magic dart hits the centaur.
The centaur is almost dead.
The centaur misses you.
Evoke which item? (* to show all) (? for menu, Esc to quit)
Okay, then.
Unknown command.
Drink which item? (? for menu, Esc to quit)
It was a potion of haste.
You feel yourself speed up. The centaur barely misses you.
The centaur hits you.
You die...

#...............#
#.#############'##
#(# #..... #.#####
#..... #.....#
#.....
#####.####.##.....
#......##.....
#######.####.##.....
#..@cb.(...# ###.#.
##.#####...# #.#. #.
#...# #.#. #. ##†..#
#. #.####....# #.
#......$..# #.
#....#).c.# ...
#.##.#....# ### . #
#.<..#


You could see a centaur and a bat.

Vanquished Creatures
  A sky beast (D:6)
  4 ice beasts
  A phantom (D:5)
  3 centaurs (D:5)
  3 ogres
  A giant frog (D:6)
  A wyvern skeleton (D:6)
  A scorpion (D:6)
  A crimson imp (D:5)
  An orc priest (D:6)
  A giant frog zombie (D:6)
  5 orc wizards
  A centaur skeleton (D:5)
  An iguana (D:5)
  2 hounds
  3 worker ants
  A hound skeleton (D:6)
  2 gnolls (D:3)
  8 adders
  A shadow imp (D:6)
  An ooze (D:5)
  4 giant geckos
  25 orcs
  A ball python (D:2)
  3 giant cockroaches (D:1)
  11 goblins
  7 hobgoblins
  8 kobolds
  2 quokkas
  14 bats
  3 giant newts
  9 jackals
  A jackal skeleton (D:5)
  A quokka zombie (D:6)
  6 rats
138 creatures vanquished.

Notes
Turn   | Place    | Note
--------------------------------------------------------------
     0 | D:1      | Herrn the Octopode Wizard began the quest for the Orb.
     0 | D:1      | Reached XP level 1. HP: 11/11 MP: 4/4
   596 | D:1      | Reached XP level 2. HP: 18/18 MP: 4/6
   926 | D:1      | Found a sparkling altar of Nemelex Xobeh.
  1086 | D:2      | Reached skill level 1 in Fighting
  1174 | D:2      | Reached XP level 3. HP: 23/23 MP: 7/7
  1245 | D:2      | Learned a level 2 spell: Repel Missiles
  1248 | D:2      | Learned a level 2 spell: Blink
  2337 | D:3      | Reached XP level 4. HP: 13/28 MP: 8/8
  3382 | D:4      | Found an ancient bone altar of Kikubaaqudgha.
  3395 | D:4      | Reached XP level 5. HP: 26/34 MP: 9/9
  3604 | D:4      | Noticed Eustachio
  3822 | D:4      | Noticed an ogre
  3839 | D:4      | Killed an ogre
  3839 | D:4      | Reached skill level 1 in Charms
  4057 | D:4      | Reached XP level 6. HP: 39/39 MP: 9/10
  4283 | D:5      | Entered Level 5 of the Dungeon
  5007 | D:5      | Reached skill level 4 in Conjurations
  5372 | D:4      | Reached XP level 7. HP: 24/45 MP: 11/11
  5629 | D:5      | Reached skill level 5 in Conjurations
  6195 | D:5      | Learned a level 5 spell: Fireball
  6222 | D:5      | Reached skill level 1 in Fire Magic
  6222 | D:5      | Reached XP level 8. HP: 51/51 MP: 11/12
  6306 | D:5      | Found a sparkling altar of Nemelex Xobeh.
  6334 | D:5      | Reached skill level 6 in Conjurations
  6458 | D:5      | HP: 2/52 [centaur (10)]
  7810 | D:6      | Found Ufrusche's Antique Armour Shop.
  7845 | D:6      | Reached skill level 7 in Conjurations
  8519 | D:6      | Gained mutation: You are partially covered in large bone plates (AC +2, SH +2). [mutagenic meat]
  8520 | D:6      | Gained mutation: One of your tentacles bears a spike. [mutagenic meat]
  8521 | D:6      | Gained mutation: Your flesh is heat resistant. [mutagenic meat]
  8616 | D:6      | Reached skill level 8 in Conjurations
  8722 | D:6      | Found a staircase to the Ecumenical Temple.
  8731 | Temple   | Entered the Ecumenical Temple
  8874 | D:6      | Reached skill level 5 in Dodging
  8874 | D:6      | Reached XP level 9. HP: 56/56 MP: 13/13
  9084 | D:6      | HP: 2/56 [centaur (7)]
  9086 | D:6      | Slain by a centaur

Vault maps used:
D:1:      dpeg_arrival_oval, moated_statue, minivault_19, minmay_liquid_box,
          nemelex_diamond_rough_becter
D:4:      kiku_gazebo_garden_becter, uniq_eustachio
D:5:      overflow_temple_1_default, serial_curves, eino_curves_02,
          eino_curves_02, first_bread
D:6:      minmay_temple_entry_poolview, serial_shops, nicolae_shop_stone
Temple:   circular_temple_12

Action                   |  1- 3 |  4- 6 |  7- 9 || total
-------------------------+-------+-------+-------++-------
Melee: Unarmed           |    19 |    30 |     1 ||    50
 Cast: Magic Dart        |    96 |   142 |   285 ||   523
       Blink             |       |     3 |     1 ||     4
       Repel Missiles    |       |     2 |       ||     2
  Use: Scroll            |       |     5 |     3 ||     8
       Potion            |       |     7 |     5 ||    12
  Eat: Chunk             |     2 |    10 |    12 ||    24
       Fruit             |     1 |       |       ||     1
       Pizza             |       |       |     2 ||     2
